 Dungeon Crawl Stone Soup version 0.19-a0-465-g1d1674b (webtiles) character file.

62465 Kidiri the Thaumaturge (level 14, 0/80 HPs)
             Began as a Deep Elf Fire Elementalist on June 3, 2016.
             Was a High Priest of Vehumet.
             Slain by an anaconda (3 damage)
             ... on level 1 of the Snake Pit.
             The game lasted 01:42:24 (26983 turns).

Kidiri the Thaumaturge (DEFE)                      Turns: 26983, Time: 01:42:25

Health: 0/80       AC: 18    Str:  6 (8)  XL:     14   Next: 64%
Magic:  0/30       EV: 20    Int: 26      God:    Vehumet [*****.]
Gold:   1374       SH:  2    Dex: 17      Spells: 11 memorised, 4 levels left

rFire  + . .     SeeInvis .     r - +6 dagger (flame)
rCold  x . .     Gourm    .     q - +2 leather armour {rPois}
rNeg   . . .     Faith    .     (no shield)
rPois  +         Spirit   .     a - +1 helmet
rElec  .         Dismiss  .     D - +2 cloak
rCorr  .         Reflect  +     g - +1 pair of gloves
SustAt .         Harm     .     u - +1 pair of boots
MR     +....                    G - +2 amulet of reflection
Stlth  ++........               k - +3 ring of evasion
                                E - ring of fire

@: mighty, constricted, somewhat resistant to hostile enchantments, unstealthy
A: talons 1, repulsion field 1, thin metallic scales 1, agile 1, deterioration
1, low mp 1, weak 1, sturdy frame 1
a: Renounce Religion


You were on level 1 of the Snake Pit.
You worshipped Vehumet.
Vehumet was extremely pleased with you.
You were not hungry.

You visited 4 branches of the dungeon, and saw 18 of its levels.

You collected 1374 gold pieces.

Inventory:

Hand Weapons
 r - a +6 dagger of flaming (weapon)
Armour
 a - a +1 helmet (worn)
 g - a +1 pair of gloves (worn)
 q - a +2 leather armour of poison resistance (worn)
 u - a +1 pair of boots (worn)
 D - a +2 cloak (worn)
Jewellery
 f - an uncursed ring of see invisible
 k - a +3 ring of evasion (right hand)
 E - a ring of fire (left hand)
 G - a +2 amulet of reflection (around neck)
Scrolls
 d - 2 scrolls of fog
 e - 9 scrolls of remove curse
 p - 2 scrolls of recharging
 w - 4 scrolls of amnesia
 A - 3 scrolls of magic mapping
 B - a scroll of vulnerability
 Y - a scroll of immolation
Potions
 b - 3 potions of cancellation
 j - 3 potions of might
 m - a potion of curing
 t - a potion of resistance
 x - a potion of flight
 z - 2 potions of invisibility
 I - 2 potions of lignification
 K - 2 potions of agility
 P - a potion of brilliance
 Q - 2 potions of ambrosia
 S - 2 potions of berserk rage
Books
 C - a book of Burglary

   Spells                             Type                      Level
   a - Swiftness                      Charms/Air                   2
   b - Passwall                       Transmutation/Earth          2
   c - Passage of Golubria            Translocation                4
   d - Lee's Rapid Deconstruction     Earth                        5
   e - Darkness                       Hexes                        6
   f - Invisibility                   Hexes                        6
Comestibles
 c - 3 bread rations
 v - 6 meat rations


   Skills:
 + Level 6.2 Fighting
 + Level 8.0 Short Blades
 + Level 6.5 Armour
 + Level 9.6 Dodging
 - Level 2.4 Stealth
 * Level 13.2 Spellcasting
 * Level 11.2 Conjurations
 * Level 11.8 Fire Magic
 * Level 10.2 Air Magic
 - Level 5.0 Earth Magic
   Level 4.1 Evocations


You had 4 spell levels left.
You knew the following spells:

 Your Spells              Type           Power        Failure   Level  Hunger
a - Flame Tongue          Conj/Fire      #####        1%          1    None
b - Throw Flame           Conj/Fire      ######       1%          2    None
c - Conjure Flame         Conj/Fire      #######.     1%          3    None
d - Inner Flame           Hex/Fire       ######..     1%          3    None
e - Sticky Flame          Conj/Fire      #######.     1%          4    None
f - Fireball              Conj/Fire      #######...   1%          5    ##.....
g - Bolt of Magma         Conj/Fire/Erth #######...   1%          5    ##.....
h - Swiftness             Chrm/Air       #####...     1%          2    None
i - Passwall              Tmut/Erth      ####......   1%          2    None
j - Stone Arrow           Conj/Erth      ######       1%          3    None
k - Lee's Rapid Deconstr  Erth           #####.....   4%          5    ##.....


Dungeon Overview and Level Annotations

Branches:
Dungeon (8/15)             Temple (1/1) D:5            Lair (8/8) D:8
 Shoals (0/4) Lair:4        Snake (1/4) Lair:5        Slime (0/6) Lair:6

Altars:
Ashenzari
Cheibriados
Dithmenos
Elyvilon
Fedhas
Gozag
Hepliaklqana
Kikubaaqudgha
Makhleb
Nemelex Xobeh
Okawaru
Pakellas
Qazlal
Ru
Sif Muna
Trog
Uskayaw
Vehumet
Xom
Zin
The Shining One
Jiyva


Innate Abilities, Weirdness & Mutations

You have sharp toenails.
You are surrounded by a mild repulsion field. (EV +2)
You are partially covered in thin metallic scales. (AC +2)
You are agile. (Dex +2)
Your body sometimes deteriorates upon taking damage.
Your magical capacity is low. (-10% MP)
You are weak. (Str -2)
Your movements are slightly less encumbered by armour. (ER -2)


Message History

* * * LOW HITPOINT WARNING * * *
The anaconda constricts you. The anaconda closely misses you.
* * * LOW HITPOINT WARNING * * *
The anaconda constricts you.
Unknown command.
You feel better. The anaconda closely misses you. The anaconda constricts you.
The mana viper bites you.
* * * LOW HITPOINT WARNING * * *
You feel your power leaking away.
The black mamba bites you but does no damage.
The anaconda bites you.
* * * LOW HITPOINT WARNING * * *
x2 The anaconda constricts you.
Okay, then.
Unknown command.
You feel very mighty all of a sudden. The black mamba bites you!
* * * LOW HITPOINT WARNING * * *
The anaconda completely misses you.
You die...

...............#
#.............#
####..........##
###(.........##
###.............##
####................##
###............#.S.....##
###........SS.####........##
###......รท.).@S##
#.......[...
.............###
#............ ......##.).###
#............ .........(##
## ##.####......
.........(<##... ... ##.....
.....##............. #.....
.......:.......... .......
.................. ...S....
....#...########## .........


You could see an anaconda, a mana viper and a black mamba.

Vanquished Creatures
  Rupert (Lair:8)
  Josephine (Lair:7)
  6 hydras
  4 catoblepae (Lair:8)
  An anaconda (Snake:1)
  A naga sharpshooter (Snake:1)
  14 death yaks
  The ghost of Kidiri the Thaumaturge, a novice DEFE of Vehumet (D:8)
  A griffon (Lair:8)
  A mana viper (Snake:1)
  A salamander (Snake:1)
  A deep elf mage (D:6)
  10 elephants
  7 black mambas
  9 spiny frogs
  2 torpor snails
  A gargoyle (D:8)
  4 rime drakes
  8 komodo dragons
  The ghost of tstbtto the Chopper, an amateur HOGl of Makhleb (D:3)
  19 blink frogs
  79 yaks
  4 wraiths (Lair:7)
  Eustachio (D:4)
  A water elemental (Lair:4)
  3 basilisks
  6 hippogriffs
  3 nagas (Lair:5)
  22 water moccasins
  Duvessa (D:5)
  11 porcupines
  4 sky beasts
  2 ice beasts
  2 orc warriors (D:6)
  3 ogres
  2 necrophages
  12 wolves
  A phantom (D:3)
  4 centaurs
  16 crocodiles
  19 giant frogs
  A gnoll sergeant (D:6)
  Dowan (D:5)
  4 scorpions
  4 killer bees (D:4)
  A water moccasin skeleton (D:6)
  5 howler monkeys (D:8)
  3 vampire bats (Lair:4)
  A giant frog zombie (D:6)
  2 quasits
  6 hounds
  Crazy Yiuf (D:3)
  2 gnoll shamans
  3 orc priests
  Jessica (D:3)
  6 orc wizards
  Terence (D:3)
  7 iguanas
  2 worker ants (D:4)
  16 sheep
  A hound zombie (D:6)
  2 hound skeletons
  A howler monkey zombie (D:6)
  16 gnolls
  11 adders
  62 river rats
  3 shadow imps
  An ooze (D:5)
  A worm (D:3)
  2 adder skeletons (D:4)
  An adder zombie (D:5)
  2 dart slugs
  4 giant geckos
  13 orcs
  4 ball pythons
  21 bats
  7 giant cockroaches
  11 goblins
  15 hobgoblins
  15 jackals
  7 quokkas
  3 giant newts
  2 jackal zombies (D:5)
  14 kobolds
  2 quokka zombies
  5 rats
  A butterfly (Lair:2)
  2 fungi (Lair:7)
  55 plants
641 creatures vanquished.

Vanquished Creatures (others)
  21 fungi
  20 plants
41 creatures vanquished.

Grand Total: 682 creatures vanquished

Notes
Turn   | Place    | Note
--------------------------------------------------------------
     0 | D:1      | Kidiri the Deep Elf Fire Elementalist began the quest for the Orb.
     0 | D:1      | Reached XP level 1. HP: 10/10 MP: 6/6
   166 | D:1      | Reached XP level 2. HP: 11/15 MP: 2/8
   218 | D:1      | Learned a level 2 spell: Throw Flame
   598 | D:1      | Reached XP level 3. HP: 19/19 MP: 7/10
   603 | D:1      | Learned a level 3 spell: Conjure Flame
   607 | D:1      | Learned a level 3 spell: Inner Flame
   725 | D:1      | Reached skill level 4 in Spellcasting
  1037 | D:2      | Gained mutation: You are agile. (Dex +2) [potion of beneficial mutation]
  1504 | D:3      | Reached XP level 4. HP: 24/24 MP: 12/12
  1635 | D:3      | Noticed a phantom
  1661 | D:3      | Killed a phantom
  1661 | D:3      | Reached skill level 5 in Spellcasting
  1661 | D:3      | Reached XP level 5. HP: 16/28 MP: 4/14
  1667 | D:3      | Learned a level 4 spell: Sticky Flame
  1812 | D:3      | Found an ancient bone altar of Kikubaaqudgha.
  1938 | D:3      | Found a shadowy altar of Dithmenos.
  1939 | D:3      | Noticed Jessica
  1948 | D:3      | Killed Jessica
  2055 | D:3      | Reached skill level 5 in Fire Magic
  2180 | D:3      | Noticed Terence
  2184 | D:3      | Killed Terence
  2332 | D:3      | Noticed Crazy Yiuf
  2335 | D:3      | Killed Crazy Yiuf
  2335 | D:3      | Reached XP level 6. HP: 32/32 MP: 12/16
  2499 | D:3      | Noticed tstbtto's ghost (amateur HOGl)
  2520 | D:3      | Lost mutation: You are agile. (Dex +2) [potion of cure mutation]
  2521 | D:3      | Gained mutation: You are agile. (Dex +2) [potion of mutation]
  2521 | D:3      | Gained mutation: You are very agile. (Dex +4) [potion of mutation]
  2536 | D:3      | Killed tstbtto's ghost
  2536 | D:3      | Reached skill level 6 in Spellcasting
  2536 | D:3      | Reached XP level 7. HP: 29/36 MP: 0/18
  2688 | D:3      | Learned a level 5 spell: Fireball
  2886 | D:4      | Noticed Eustachio
  2894 | D:4      | Killed Eustachio
  3403 | D:4      | Reached skill level 1 in Short Blades
  3403 | D:4      | Reached skill level 7 in Spellcasting
  3406 | D:4      | Reached skill level 1 in Armour
  3407 | D:4      | Reached skill level 1 in Fighting
  3870 | D:4      | Reached XP level 8. HP: 38/43 MP: 6/20
  3875 | D:4      | Reached skill level 5 in Conjurations
  4005 | D:5      | Entered Level 5 of the Dungeon
  4005 | D:5      | Noticed Dowan
  4008 | D:5      | Noticed Duvessa
  4011 | D:5      | Killed Duvessa
  4011 | D:5      | Killed Dowan
  4428 | D:5      | Found a glowing silver altar of Zin.
  4752 | D:5      | Found a staircase to the Ecumenical Temple.
  4774 | Temple   | Entered the Ecumenical Temple
  5391 | D:6      | Learned a level 2 spell: Swiftness
  5407 | D:6      | Reached skill level 1 in Air Magic
  5597 | D:6      | Found an oddly glowing altar of Pakellas.
  5860 | D:6      | Reached skill level 8 in Spellcasting
  5864 | D:6      | Gained mutation: You have sharp toenails. [mutagenic meat]
  5865 | D:6      | Gained mutation: You are surrounded by a mild repulsion field. (EV +2) [mutagenic meat]
  5866 | D:6      | Gained mutation: You are robust. (+10% HP) [mutagenic meat]
  5867 | D:6      | Gained mutation: Your spells are a little harder to cast, but a little more powerful. [mutagenic meat]
  6094 | D:6      | Reached XP level 9. HP: 53/53 MP: 14/23
  6109 | D:6      | Lost mutation: Your spells are a little harder to cast, but a little more powerful. [mutagenic meat]
  6118 | D:6      | Noticed a deep elf mage
  6126 | D:6      | Killed a deep elf mage
  6712 | D:6      | Gained mutation: Your magical capacity is low. (-10% MP) [mutagenic meat]
  8267 | D:7      | Learned a level 2 spell: Passwall
  8355 | D:7      | Found a hazy altar of Hepliaklqana.
  8707 | D:7      | Found an iron altar of Okawaru.
  8714 | D:7      | Found a hide-covered altar of Uskayaw.
  8721 | D:7      | Found a deep blue altar of Sif Muna.
  8728 | D:7      | Found a stormy altar of Qazlal.
  8735 | D:7      | Found a sparkling altar of Nemelex Xobeh.
  8740 | D:7      | Found a radiant altar of Vehumet.
  8744 | D:7      | Became a worshipper of Vehumet
  8750 | D:7      | Found an opulent altar of Gozag.
  8940 | D:8      | Reached skill level 5 in Dodging
  9062 | D:8      | Reached skill level 9 in Spellcasting
  9062 | D:8      | Reached XP level 10. HP: 47/61 MP: 14/22
  9075 | D:8      | Learned a level 5 spell: Lee's Rapid Deconstruction
  9205 | D:8      | Noticed a gargoyle
  9215 | D:8      | Killed a gargoyle
  9215 | D:8      | Reached skill level 5 in Air Magic
  9262 | D:8      | Gained mutation: You are partially covered in thin metallic scales. (AC +2) [mutagenic meat]
  9263 | D:8      | Gained mutation: Your movements are slightly less encumbered by armour. (ER -2) [mutagenic meat]
  9264 | D:8      | Gained mutation: Your spells are a little easier to cast, but a little less powerful. [mutagenic meat]
  9265 | D:8      | Lost mutation: Your spells are a little easier to cast, but a little less powerful. [mutagenic meat]
  9657 | D:8      | Reached skill level 1 in Earth Magic
  9691 | D:8      | Found a staircase to the Lair.
  9783 | D:8      | Found a burning altar of Makhleb.
  9933 | D:8      | Noticed Kidiri's ghost (novice DEFE)
  9941 | D:8      | Killed Kidiri's ghost
 10217 | Lair:1   | Entered Level 1 of the Lair of Beasts
 10217 | Lair:1   | Noticed a spiny frog
 10221 | Lair:1   | Killed a spiny frog
 10221 | Lair:1   | Reached * piety under Vehumet
 10221 | Lair:1   | Offered knowledge of Sandblast by Vehumet.
 10910 | Lair:1   | Noticed a black mamba
 10922 | Lair:1   | Killed a black mamba
 11056 | Lair:1   | Reached ** piety under Vehumet
 11103 | Lair:1   | Offered knowledge of Sting by Vehumet.
 11277 | Lair:1   | Reached XP level 11. HP: 66/66 MP: 9/24
 11286 | Lair:1   | Reached skill level 5 in Short Blades
 12729 | Lair:2   | Lost mutation: You are very agile. (Dex +4) [potion of mutation]
 12729 | Lair:2   | Lost mutation: You are robust. (+10% HP) [potion of mutation]
 12979 | Lair:2   | Offered knowledge of Stone Arrow by Vehumet.
 13144 | Lair:2   | Reached *** piety under Vehumet
 13256 | Lair:2   | Reached skill level 10 in Spellcasting
 13344 | Lair:2   | Learned a level 3 spell: Stone Arrow
 13778 | Lair:3   | Offered knowledge of Throw Icicle by Vehumet.
 14112 | Lair:3   | Noticed a four-headed hydra
 14126 | Lair:3   | Killed a four-headed hydra
 14453 | Lair:3   | Reached XP level 12. HP: 65/67 MP: 21/25
 14662 | Lair:3   | Reached skill level 5 in Earth Magic
 15648 | Lair:4   | Found a staircase to the Shoals.
 15695 | Lair:4   | Noticed a death yak
 15695 | Lair:4   | Noticed a death yak
 15697 | Lair:4   | Noticed a death yak
 15712 | Lair:4   | Killed a death yak
 15736 | Lair:4   | Killed a death yak
 16214 | Lair:4   | Reached **** piety under Vehumet
 16215 | Lair:4   | Reached skill level 5 in Armour
 16220 | Lair:4   | Killed a death yak
 16509 | Lair:5   | Reached skill level 5 in Fighting
 16519 | Lair:5   | Offered knowledge of Static Discharge by Vehumet.
 16521 | Lair:5   | Reached skill level 11 in Spellcasting
 17284 | Lair:5   | Found a staircase to the Snake Pit.
 17738 | Lair:6   | Reached skill level 1 in Evocations
 18244 | Lair:6   | Reached skill level 10 in Fire Magic
 18614 | Lair:6   | Found a staircase to the Slime Pits.
 18615 | Lair:6   | Found a viscous altar of Jiyva.
 18685 | Lair:6   | Noticed an eight-headed hydra
 18690 | Lair:6   | Killed an eight-headed hydra
 19362 | Lair:7   | Reached XP level 13. HP: 73/73 MP: 21/27
 19389 | Lair:7   | Noticed Josephine
 19395 | Lair:7   | Killed Josephine
 20343 | Lair:7   | Gained mutation: Your body sometimes deteriorates upon taking damage. [potion of mutation]
 20343 | Lair:7   | Gained mutation: You are weak. (Str -2) [potion of mutation]
 20972 | Lair:7   | Reached ***** piety under Vehumet
 20984 | Lair:7   | Offered knowledge of Bolt of Magma by Vehumet.
 21264 | Lair:7   | Learned a level 5 spell: Bolt of Magma
 21715 | Lair:8   | Entered Level 8 of the Lair of Beasts
 22463 | Lair:8   | Reached skill level 10 in Conjurations
 22471 | Lair:7   | Reached skill level 12 in Spellcasting
 23757 | Lair:8   | Reached XP level 14. HP: 61/79 MP: 9/29
 24390 | Lair:8   | Noticed Rupert
 24403 | Lair:8   | Killed Rupert
 24975 | Lair:8   | Reached skill level 10 in Air Magic
 25356 | Lair:8   | Offered knowledge of Freezing Cloud by Vehumet.
 25722 | Lair:8   | Reached skill level 13 in Spellcasting
 26440 | Snake:1  | Entered Level 1 of the Snake Pit
 26983 | Snake:1  | HP: 3/80 [black mamba (13)]
 26983 | Snake:1  | Slain by an anaconda

Vault maps used:
D:1:      lemuel_arrival_hallway
D:3:      nicolae_overflow_crystal_walls, kiku_gazebo_garden_becter,
          uniq_crazy_yiuf_cottage, uniq_terence, uniq_jessica
D:4:      first_bread, fountainhead, kennysheep_cross_room, uniq_eustachio
D:5:      kennysheep_mini, minmay_temple_entry_glassed_door, uniq_duvessa
D:6:      kennysheep_housing_project, grunt_pakellas_salt,
          guppyfry_early_elven_hall
D:7:      grunt_temple_overflow_octagram, marbit_many_paths, item_on_display_b
D:8:      makhleb_blood_cavern_becter, lair_0_dummy
Temple:   minmay_temple_curvy_8
Lair:1:   beast_lair_carwin_11
Lair:2:   serial_bayou_shore_b, lemuel_fruit_fields, serial_bayou_shore_a,
          grunt_megastairs_2
Lair:3:   patterned_corridor, serial_bayou_shore_b, infiniplex_staircase_pool_2
Lair:4:   shoals_dummy_entry, roderic_batcave, grunt_forest_large_clearing_hut,
          lemuel_fruit_fields
Lair:5:   minmay_snake_entry_guardpost_small, lemuel_fruit_fields
Lair:6:   slime_altar_1
Lair:7:   serial_bayou_shore_b, uniq_josephine
Lair:8:   evilmike_catoblepas_cave, guppyfry_lair_drakes, serial_bayou_shore_b,
          grunt_megastairs_5, uniq_rupert
Snake:1:  uniq_kirke, uniq_azrael, uniq_aizul

Skill      XL: |  1  2  3  4  5  6  7  8  9 10 11 12 13 14 |
---------------+-------------------------------------------+-----
Conjurations   | 2 3 4 5 6 7 9 10 11 | 11.2
Spellcasting   | 4 5 6 7 8 9 10 11 12 13 | 13.2
Fire Magic     | 4 5 6 7 8 10 11 | 11.8
Short Blades   | 1 2 3 4 6 7 8 |  8.0
Armour         | 1 2 3 4 5 6 |  6.5
Fighting       | 1 2 3 4 5 6 |  6.2
Dodging        | 3 4 5 6 7 8 9 |  9.6
Air Magic      | 2 4 6 7 8 9 10 | 10.2
Earth Magic    | 2 4 5 |  5.0
Evocations     | 1 3 4 |  4.1
Stealth        | |  2.4

Action                   |  1- 3 |  4- 6 |  7- 9 | 10-12 | 13-15 || total
-------------------------+-------+-------+-------+-------+-------++-------
Melee: Dagger            |    13 |    17 |   161 |   161 |   147 ||   499
       Rapier            |       |       |    36 |       |       ||    36
 Cast: Flame Tongue      |    33 |    38 |   206 |   345 |   112 ||   734
       Throw Flame       |    31 |    12 |    75 |    85 |    41 ||   244
       Conjure Flame     |     1 |     1 |     3 |    10 |    10 ||    25
       Inner Flame       |     1 |       |     2 |     7 |       ||    10
       Sticky Flame      |       |     1 |    18 |    72 |    78 ||   169
       Fireball          |       |       |    14 |    24 |    43 ||    81
       Passwall          |       |       |     2 |       |       ||     2
       Swiftness         |       |       |     1 |       |       ||     1
       Stone Arrow       |       |       |       |    14 |    53 ||    67
       Bolt of Magma     |       |       |       |       |    54 ||    54
Evoke: Wand              |       |       |       |       |     3 ||     3
  Use: Scroll            |     8 |       |     9 |    16 |     5 ||    38
       Potion            |     1 |     6 |     3 |     3 |     9 ||    22
 Stab: Sleeping          |     2 |     2 |     6 |     3 |       ||    13
       Invisible         |       |     1 |     3 |       |       ||     4
  Eat: Chunk             |    18 |     4 |    17 |    25 |     9 ||    73
       Beef jerky        |       |       |     3 |     2 |       ||     5
       Fruit             |       |       |       |    18 |       ||    18
       Pizza             |       |       |       |     2 |     2 ||     4
       Royal jelly       |       |       |       |     1 |       ||     1
       Bread ration      |       |       |       |       |     3 ||     3
Armor: Robe              |     4 |     4 |    36 |     6 |       ||    50
       Leather armour    |       |       |       |    53 |    64 ||   117
Dodge: Dodged            |    22 |    10 |   113 |   215 |   289 ||   649
Block: Other             |       |       |     6 |    13 |    19 ||    38
       Reflection        |       |       |     1 |       |       ||     1
